 Dungeon Crawl Stone Soup version 0.28.0-45-g0d030f2227 (webtiles) character file.

Game seed: 5561093583743722736

245 pkoi the Insei (level 5, -16/45 HPs)
             Began as a Demigod Gladiator on Apr 21, 2022.
             Killed by an exploding iguana (47 damage)
             ... ignited by their inner flame
             ... on level 5 of the Dungeon.
             The game lasted 00:11:01 (4172 turns).

pkoi the Insei (Demigod Gladiator)                  Turns: 4172, Time: 00:11:02

Health: -16/45     AC:  5    Str: 15    XL:     5   Next: 53%
Magic:  7/7        EV: 12    Int: 14    God:
Gold:   161        SH:  0    Dex: 15    Spells: 4/4 levels left

rFire   . . .      SeeInvis .     - Unarmed
rCold   . . .      Faith    .   (no shield)
rNeg    . . .      Spirit   .   a - +0 leather armour
rPois   .          Reflect  .   b - +1 helmet
rElec   .          Harm     .   (no cloak)
rCorr   .          Rampage  .   (no gloves)
Will    .....                   (no boots)
Stlth   +.........              i - amulet of magic regeneration
HPRegen 0.15/turn               (no ring)
MPRegen 0.50/turn               (no ring)

@: no status effects
A: high MP 1, forlorn, divine attributes
a: no special abilities


You were on level 5 of the Dungeon.
You visited 1 branch of the dungeon, and saw 5 of its levels.

You collected 161 gold pieces.

Inventory:

Hand Weapons
 d - a +1 dagger
 h - a +0 trident of freezing
Missiles
 c - 3 throwing nets
 p - 5 boomerangs (quivered)
Armour
 a - a +0 leather armour (worn)
 b - a +1 helmet (worn)
Jewellery
 i - an amulet of magic regeneration (around neck)
 o - a ring of fire
Potions
 e - a potion of attraction {unknown}
 f - a potion of heal wounds {unknown}
 g - a potion of magic
 j - a potion of mutation {unknown}
 k - 3 potions of curing {unknown}
 l - a potion of haste {unknown}
 m - a potion of lignification {unknown}


   Skills:
 - Level 3.0 Fighting
 - Level 1.7 Throwing
 - Level 2.6 Dodging
 * Level 5.5 Unarmed Combat


You had 4 spell levels left.
You didn't know any spells.
Your spell library contained the following spells:

 Spells                   Type           Power      Damage    Failure   Level
 Foxfire                  Conj/Fire      0%         2x1d4     34%         1
 Conjure Flame            Conj/Fire      0%         6-21      71%         3
 Gell's Gravitas          Tloc           0%         N/A       71%         3
 Inner Flame              Hex/Fire       0%         N/A       71%         3
 Lesser Beckoning         Tloc           0%         N/A       71%         3
 Teleport Other           Tloc           0%         N/A       71%         3
 Flame Wave               Conj/Fire      0%         2d4       98%         4


Dungeon Overview and Level Annotations

Branches:
Dungeon (5/15)
 Temple: D:4-7

Annotations:
D:3 Grinder, Terence
D:4 Robin


Innate Abilities, Weirdness & Mutations

You have an increased reservoir of magic. (+10% MP)
You shall have no god before yourself.
Your divine heritage dramatically boosts your attributes as you level up.


Message History

A goblin comes into view. It is wielding a +0 club.
The goblin shouts! x2; You hear a shout!
Robin roars a battlecry!
The goblins go into a battle-frenzy!
You hear an angry hiss.
You hear a shout!
Robin throws the goblin at you!
The goblin unwields a +0 club.
The goblin wields a +0 hunting sling.
The goblin shoots a stone.
The stone barely misses you.
The stone barely misses the goblin.
The goblin closely misses you. The goblin hits you but does no damage.
Found 12 gold pieces.
The goblin misses you.
There is a stone staircase leading down here.
The goblin barely misses you.
You climb downwards.
The iguana hisses angrily.
Found 22 gold pieces, a scroll labelled FAENKI LARIS and a leather armour.
There is a stone staircase leading up here.
You punch the goblin!
You kill the goblin!
A bullfrog skeleton comes into view.
Found a scroll labelled ROTHRU SEXYPA and a chain mail.
You see here a +0 club.
You aren't carrying any items that you can evoke.
As you read the scroll labelled FAENKI LARIS, it crumbles to dust.
The creatures around you are filled with an inner flame!
It was a scroll of immolation.
Okay, then.
Throw: 5 boomerangs
Press: ? - help, Q - select action, (/) - cycle Shift-Dir - straight line, f - iguana
Aim: an iguana (inner flame, 63% to hit)
You throw a boomerang. The boomerang barely misses the iguana.
Unknown command.
You closely miss the iguana. The iguana misses you.
You punch the iguana!
Flame seeps out of the iguana.
The iguana is heavily wounded.
The iguana is engulfed in blazing flames.
The iguana explodes!
The fiery explosion engulfs you!!!
Ouch! That really hurt!
You die...

#.^l..#[........
+.....+.........
#.....#)........
#....$<#...####
#...?.##.###
#..... #.#
#$.... #Z#
#.....##○#
#......@§#
##########


You could see a bullfrog skeleton.

Vanquished Creatures
  A howler monkey (D:4)
  A hound (D:3)
  An iguana (D:5)
  3 gnolls
  5 adders
  2 ufetubi (D:3)
  An adder skeleton (D:4)
  2 dart slugs
  An orc (D:4)
  13 ball pythons
  10 endoplasms
  6 giant cockroaches
  7 goblins
  6 hobgoblins
  8 kobolds
  2 quokkas (D:1)
  8 bats
  2 frilled lizards
  8 rats
87 creatures vanquished.

Notes
Turn   | Place    | Note
-------+----------+-------------------------------------------
     0 | D:1      | pkoi the Demigod Gladiator began the quest for the Orb.
     0 | D:1      | Reached XP level 1. HP: 17/17 MP: 3/3
    18 | D:1      | Reached skill level 3 in Unarmed Combat
   380 | D:1      | Reached XP level 2. HP: 22/24 MP: 4/4
  1027 | D:1      | Reached XP level 3. HP: 27/29 MP: 5/5
  1454 | D:1      | Reached skill level 4 in Unarmed Combat
  1791 | D:2      | Reached XP level 4. HP: 37/37 MP: 6/6
  2857 | D:3      | Noticed Terence
  2939 | D:3      | Noticed Grinder
  3119 | D:3      | Reached XP level 5. HP: 13/44 MP: 7/7
  3374 | D:3      | Reached skill level 5 in Unarmed Combat
  3966 | D:4      | Noticed Robin
  3966 | D:4      | Noticed an ogre
  4160 | D:5      | Entered Level 5 of the Dungeon
  4172 | D:5      | Killed by an exploding iguana... ignited by their inner
                  | flame

Illustrated notes

Levels and vault maps discovered:
D:1:      grunt_arrival_crossed_arrows, layout_rooms,
          hellmonk_ecumenical_altar_defaced_shrine, minmay_fountain_box
D:2:      layout_basic
D:3:      layout_basic, mainiacjoe_overflow_catch_the_wave, uniq_terence,
          uniq_grinder
D:4:      layout_gridville, minmay_unequal, uniq_robin
D:5:      layout_basic, serial_bayou_pond_d, uniq_duvessa

Skill      XL: |  1  2  3  4  5 |
---------------+----------------+-----
Unarmed Combat | 3 4 5 |  5.5
Fighting       | 2 3 |  3.0
Throwing       | |  1.7
Dodging        | |  2.6

Action                   |  1- 3 |  4- 6 || total
-------------------------+-------+-------++-------
Melee: Unarmed           |   171 |   140 ||   311
       Dagger            |     3 |       ||     3
       Punch             |     5 |     5 ||    10
Throw: Boomerang         |       |     1 ||     1
  Use: Scroll            |       |     6 ||     6
 Stab: Sleeping          |     2 |     1 ||     3
Armor: Leather armour    |    45 |    52 ||    97
Dodge: Dodged            |   111 |   113 ||   224
